Map: Romanticide LE

Players

SKillous

  • Race: Protoss Protoss

MaxPax - Winner!

  • Race: Protoss Protoss

Event: DreamHack SC2 Masters 2021 Fall

VOD

Have the link to the VOD?

Description

Time

  • Played on: Aug. 7, 2021, 10:26 a.m.
  • Length: 8:02

All games in this series

Show
View Real Time Build Order
Export as new Build Order

SKillous Protoss 

Build Orders:  

Get SALT Encoding   

  12  0:00  Probe  
  13  0:12  Probe  
  14  0:17  Pylon  
  14  0:24  Probe  
  15  0:35  Gateway  
  15  0:36  Probe (Chrono Boost)  
  16  0:46  Assimilator, Probe (Chrono Boost)  
  17  0:51  Probe (Chrono Boost)  
  17  0:54  Assimilator  
  18  1:03  Probe (Chrono Boost)  
  19  1:09  Gateway  
  19  1:12  Probe (Chrono Boost)  
  19  1:17  Probe (Chrono Boost)  
  20  1:25  Cybernetics Core  
  21  1:29  Probe  
  22  1:34  Pylon  
  22  1:41  Probe  
  23  1:52  Gateway  
  23  2:03  Stalker x2  
  23  2:06  Warp Gate  
  27  2:23  Pylon  
  31  2:38  Stalker (Chrono Boost)  
  31  2:40  Stalker x2 (Chrono Boost)  
  27  3:05  Stalker x3  
  38  3:14  Probe  
  38  3:19  Pylon  
  38  3:29  Probe  
  38  3:30  Shield Battery  
  39  3:54  Adept x3  
  45  3:57  Pylon  
  45  4:01  Twilight Council  
  41  4:23  Adept x3  
  41  4:33  Blink (Chrono Boost)  
  41  4:47  Stalker x2  
  41  4:49  Stalker  
  47  5:01  Pylon  
  47  5:15  Stalker x2  
  47  5:16  Sentry  
  53  5:24  Pylon  
  53  5:39  Stalker x2  
  57  5:46  Stalker  
  59  6:03  Stalker x2  
  61  6:31  Stalker x3  
  50  6:55  Stalker x3  
  40  7:18  Stalker x2  
  44  7:23  Stalker  
Show
View Real Time Build Order
Export as new Build Order

MaxPax Protoss - Winner!

Build Orders: 1 Gate Expand 

Get SALT Encoding   

  12  0:00  Probe  
  13  0:12  Probe  
  14  0:19  Pylon  
  14  0:24  Probe  
  15  0:38  Probe (Chrono Boost), Gateway  
  16  0:48  Assimilator, Probe (Chrono Boost)  
  17  0:53  Probe (Chrono Boost)  
  19  1:04  Probe  
  19  1:16  Probe  
  20  1:25  Nexus  
  20  1:32  Cybernetics Core  
  20  1:40  Probe  
  20  1:42  Assimilator  
  21  1:51  Pylon  
  21  1:52  Probe  
  22  2:05  Probe  
  22  2:07  Adept (Chrono Boost)  
  23  2:10  Warp Gate  
  25  2:17  Probe  
  26  2:25  Robotics Facility  
  26  2:29  Probe  
  27  2:34  Stalker (Chrono Boost)  
  27  2:36  Probe  
  30  2:41  Shield Battery  
  29  2:48  Probe  
  30  2:57  Stalker  
  32  2:59  Shield Battery  
  31  3:11  Immortal (Chrono Boost)  
  33  3:25  Shield Battery  
  33  3:28  Sentry  
  35  3:35  Gateway  
  35  3:45  Immortal (Chrono Boost)  
  39  3:56  Probe  
  39  4:02  Sentry  
  43  4:07  Pylon  
  42  4:21  Warp Prism (Chrono Boost)  
  42  4:28  Shield Battery  
  42  4:30  Stalker, Sentry  
  44  4:38  Shield Battery  
  44  4:44  Pylon  
  44  4:52  Cybernetics Core  
  46  5:01  Shield Battery  
  46  5:06  Immortal (Chrono Boost)  
  44  5:10  Probe  
  44  5:13  Probe  
  50  5:19  Pylon  
  50  5:23  Sentry  
  50  5:28  Immortal  
  54  5:34  Stalker  
  54  5:36  Shield Battery  
  54  5:38  Pylon  
  54  5:43  Pylon  
  54  5:48  Observer  
  55  5:51  Adept  
  57  5:59  Adept  
  59  6:04  Gateway  
  54  6:19  Immortal  
  57  6:32  Stalker x2  
  61  6:37  Probe x2 (Chrono Boost)  
  52  6:49  Probe (Chrono Boost)  
  52  6:53  Pylon  
  52  6:56  Probe (Chrono Boost)  
  52  6:57  Probe (Chrono Boost)  
  54  7:07  Probe  
  51  7:11  Stalker  
  51  7:23  Probe  
  51  7:24  Probe, Observer  
  54  7:32  Stalker x2  
  58  7:48  Probe x2  

Tags
 
Add a new tag
Caveats
  • Supply blocks, unpowered buildings, or Contaminate may cause inaccurate times.
  • Supply counts are checked every 10 seconds.